 Dungeon Crawl Stone Soup version 0.17-a0-1701-gf693a3f (webtiles) character file.

464 kae the Grappler (level 7, -6/57 HPs)
             Began as a Ghoul Monk on Aug 21, 2015.
             Mangled by a gnoll
             ... wielding a +0 spear
              (8 damage)
             ... on level 4 of the Dungeon.
             The game lasted 00:04:27 (2132 turns).

kae the Grappler (Ghoul Monk)                       Turns: 2132, Time: 00:04:27

Health: -6/57      AC:  6    Str: 15    XL:     7   Next: 7%
Magic:  6/6        EV: 13    Int:  7    God:
Gold:   195        SH:  0    Dex: 11    Spells: 0 memorised, 6 levels left

rFire  . . .     SeeInvis .       - Unarmed
rCold  + . .     Clarity  .     a - +0 robe
rNeg   + + +     SustAt   .     (no shield)
rPois  ∞         Gourm    .     (no helmet)
rElec  .         Spirit   .     k - +0 cloak
rCorr  .         Warding  .     (no gloves)
rMut   .         Stasis   .     j - +2 pair of boots {Stlth+}
MR     .....                    (no amulet)
Stlth  +++.......               h - ring of positive energy
                                g - +1 ring of evasion

@: rotting, not resistant to hostile enchantments, fairly stealthy
A: rotting body, claws 1, carnivore 3, cold resistance 1, negative energy
resistance 3, slow healing 1, torment resistance, unbreathing
a: no special abilities


You were on level 4 of the Dungeon.
You were not hungry.

You visited 2 branches of the dungeon, and saw 6 of its levels.

You collected 195 gold pieces.

Inventory:

Armour
 a - a +0 robe (worn)
 j - a +2 pair of boots of stealth (worn)
 k - a +0 cloak (worn)
Jewellery
 g - a +1 ring of evasion (left claw)
 h - a ring of positive energy (right claw)
Scrolls
 d - 4 scrolls of remove curse
 e - a scroll of enchant armour {unknown}
 m - a scroll of blinking {unknown}
 r - a scroll of amnesia {unknown}
Potions
 c - a potion of brilliance {unknown}
 f - a potion of flight {unknown}
 i - a potion of heal wounds {unknown}
 l - a potion of lignification {unknown}
 q - a potion of resistance {unknown}
Comestibles
 b - 3 meat rations
 n - a beef jerky
 p - a royal jelly


   Skills:
 - Level 3.2 Fighting
 - Level 2.6 Dodging
 - Level 2.1 Stealth
 + Level 9.0 Unarmed Combat


You had 6 spell levels left.
You didn't know any spells.

Dungeon Overview and Level Annotations

Branches:
Dungeon (5/15)             Temple (1/1) D:4

Altars:
Ashenzari
Elyvilon
Fedhas
Kikubaaqudgha
Makhleb
Qazlal
Ru
Sif Muna
Xom
The Shining One


Innate Abilities, Weirdness & Mutations

Your body is rotting away.
You thrive on raw meat.
You are immune to poison.
You have sharp fingernails.
You are carnivorous and can eat meat at any time.
Your flesh is cold resistant.
You are immune to negative energy.
You heal slowly when monsters are visible.
You are immune to unholy pain and torment.
You can survive without breathing.


Message History

You are too injured to fight recklessly!
You are too injured to fight recklessly!
You are too injured to fight recklessly!
You are too injured to fight recklessly!
The gnoll hits you from afar with a spear.
* * * LOW HITPOINT WARNING * * *
The gnoll hits you from afar with a spear.
* * * LOW HITPOINT WARNING * * *
There is a stone staircase leading up here.
Eat which item? (? for menu, Esc to quit)
Okay, then.
Read which item? (? for menu, Esc to quit)
Okay, then.
Read which item? (? for menu, Esc to quit)
As you read the scroll labeled MULOSU COINT, it crumbles to dust.
You feel blessed for a moment.
It was a scroll of remove curse.
The gnoll hits you from afar with a spear.
* * * LOW HITPOINT WARNING * * *
The gnoll hits you from afar with a spear!
You die...

.......................#.........
..##.....#.............#.........
..#......#.............#>........
..#....................#.........
.........##...(.......##.........
..##........#............).......
..##.....####.#..................
...#.....####.....g..............
...#............@.g.####.........
....................# #.........
....###.............# #.######..
.##.# ##.....#......####.#### ..
....## #.#...#..............# #..
.....# #.....+.......[......# #..
.....# #.....#..............###..
.....###.......#'##..............
.....#...........##.......#......


You could see 2 gnolls.

Vanquished Creatures
  A sky beast (D:3)
  The ghost of kae the Ruffian, a weakling DrTm (D:3)
  2 orc wizards (D:3)
  2 hounds (D:4)
  A worker ant (D:4)
  A hound skeleton (D:4)
  4 gnolls
  5 adders
  2 oozes
  A worm (D:3)
  A giant gecko (D:4)
  7 orcs (D:3)
  A ball python (D:1)
  7 goblins
  8 hobgoblins
  4 jackals (D:3)
  9 kobolds
  2 quokkas
  6 bats
  A giant gecko zombie (D:5)
  8 giant newts
  A jackal skeleton (D:4)
  8 rats
83 creatures vanquished.

Notes
Turn   | Place    | Note
--------------------------------------------------------------
     0 | D:1      | kae the Ghoul Monk began the quest for the Orb.
     0 | D:1      | Reached XP level 1. HP: 19/19 MP: 0/0
   146 | D:1      | Reached XP level 2. HP: 21/26 MP: 1/1
   256 | D:1      | Reached skill level 5 in Unarmed Combat
   562 | D:2      | Reached XP level 3. HP: 31/31 MP: 2/2
   926 | D:2      | Reached skill level 6 in Unarmed Combat
   926 | D:2      | Reached XP level 4. HP: 33/38 MP: 3/3
  1149 | D:3      | Reached XP level 5. HP: 26/45 MP: 4/4
  1177 | D:3      | Found a shimmering altar of Xom.
  1177 | D:3      | Found a shimmering altar of Xom.
  1177 | D:3      | Found a shimmering altar of Xom.
  1196 | D:3      | You fall through a shaft for 2 floors!
  1196 | D:5      | Entered Level 5 of the Dungeon
  1270 | D:4      | Reached skill level 7 in Unarmed Combat
  1560 | D:3      | Noticed a sky beast
  1583 | D:3      | Killed a sky beast
  1583 | D:3      | Reached skill level 8 in Unarmed Combat
  1583 | D:3      | Reached XP level 6. HP: 12/51 MP: 5/5
  1700 | D:3      | Noticed kae's ghost (weakling DrTm)
  1711 | D:3      | Killed kae's ghost
  1726 | D:3      | Found a white marble altar of Elyvilon.
  1726 | D:3      | Found a blossoming altar of Fedhas.
  1862 | D:4      | Reached skill level 9 in Unarmed Combat
  1862 | D:4      | Reached XP level 7. HP: 45/57 MP: 6/6
  1888 | D:4      | Found a staircase to the Ecumenical Temple.
  1950 | Temple   | Entered the Ecumenical Temple
  2078 | D:4      | Found a sacrificial altar of Ru.
  2132 | D:4      | HP: 2/57 [gnoll/spear (2)]
  2132 | D:4      | Mangled by a gnoll

Vault maps used:
D:1:      lightli_arrival_maybe_door_vault
D:3:      xom_redecorated, amethyst_overflow_temple_binary, first_bread
D:4:      nicolae_ru_sacrificial_ziggurat, minmay_temple_entry_fiery
D:5:      okawaru_trees_2, cheibrodos_worm_habitat
Temple:   circular_temple_6

Action                   |  1- 3 |  4- 6 |  7- 9 || total
-------------------------+-------+-------+-------++-------
Melee: Unarmed           |   105 |   160 |     8 ||   273
  Use: Potion            |       |     2 |       ||     2
       Scroll            |       |       |     1 ||     1
 Stab: Sleeping          |     4 |     3 |     1 ||     8
  Eat: Chunk             |    26 |    20 |       ||    46
